 Dungeon Crawl Stone Soup version 0.29-a0-330-g52719c12eb (webtiles) character file.

Game seed: 11922042836693937231

305 Gwenloh the Shield-Bearer (level 6, -1/47 (49) HPs)
             Began as a Formicid Fighter on May 29, 2022.
             Was an Initiate of Qazlal.
             Slain by an iguana (9 damage)
             ... on level 4 of the Dungeon.
             The game lasted 00:08:39 (3711 turns).

Gwenloh the Shield-Bearer (Formicid Fighter)        Turns: 3711, Time: 00:08:40

HP:   -1/47 (49)    AC:  8    Str: 21    XL:     6   Next: 67%
MP:   6/6           EV: 13    Int:  7    God:    Qazlal [......]
Gold: 181           SH:  5    Dex: 12    Spells: 5/5 levels left

rFire   . . .      SeeInvis +   a - +4 quarterstaff (chaos)
rCold   . . .      Faith    .   c - +0 buckler
rNeg    . . .      Spirit   .   k - +0 scale mail
rPois   .          Reflect  .   (helmet unavailable)
rElec   .          Harm     .   r - +0 cloak
rCorr   .          Rampage  .   (no gloves)
Will    .....                   (no boots)
Stlth   ..........              (no amulet)
HPRegen 0.15/turn               t - +4 ring of evasion
MPRegen 0.10/turn               (no ring)

@: lightly drained
A: permanent stasis, dig shafts and tunnels, antennae 3, four strong arms
a: Dig, Shaft Self, Renounce Religion


You were on level 4 of the Dungeon.
You worshipped Qazlal.
Qazlal was noncommittal.
You visited 1 branch of the dungeon, and saw 4 of its levels.

You collected 181 gold pieces.

Inventory:

Hand Weapons
 a - a +4 quarterstaff of chaos (weapon)
 b - a +0 hunting sling
 d - a +0 war axe
 g - a +2 hand axe of venom
Armour
 c - a +0 buckler (worn)
 k - a +0 scale mail (worn)
 r - a +0 cloak (worn)
Jewellery
 t - a +4 ring of evasion (left hand)
Wands
 o - a wand of mindburst (18)
 q - a wand of flame (22)
Scrolls
 i - 2 scrolls of vulnerability
 m - a scroll of amnesia {unknown}
 n - a scroll of noise {unknown}
 p - a scroll of holy word {unknown}
 u - a scroll of brand weapon {unknown}
Potions
 e - 3 potions of brilliance {unknown}
 f - 2 potions of heal wounds
 j - 2 potions of invisibility {unknown}
 s - a potion of cancellation {unknown}


   Skills:
 + Level 4.7 Fighting
 + Level 3.6 Axes
 + Level 4.7 Armour
 + Level 5.2 Shields


You had 5 spell levels left.
You didn't know any spells.
Your spell library contained the following spells:

 Spells                   Type           Power      Damage    Failure   Level
 Beastly Appendage        Tmut           0%         N/A       83%         1
 Wereblood                Tmut           0%         N/A       92%         2
 Spider Form              Tmut/Pois      0%         N/A       99%         3


Dungeon Overview and Level Annotations

Branches:
Dungeon (4/15)
 Temple: D:4-7

Altars:
Ashenzari
Qazlal
Uskayaw
Zin

Shops:
D:1 *


Innate Abilities, Weirdness & Mutations

You cannot be hasted, slowed, berserked, paralysed or teleported.
You can dig through walls and to a lower floor.
You have a pair of large antennae on your head. (SInv)
Your four strong arms can wield two-handed weapons with a shield.


Message History

The iguana hisses angrily.
You retract your mandibles.
You barely miss the iguana. The iguana closely misses you.
You completely miss the iguana. The iguana closely misses you.
The iguana barely misses you.
You hit the iguana.
The iguana is moderately wounded.
The iguana bites you.
You hit the iguana but do no damage.
The iguana is lightly wounded.
The iguana bites you but does no damage.
You barely miss the iguana.
The iguana is lightly wounded.
The iguana bites you! The iguana closely misses you.
You hit the iguana.
The iguana is moderately wounded.
The iguana bites you but does no damage.
You barely miss the iguana.
The iguana is moderately wounded.
The iguana misses you.
You hit the iguana.
The iguana is moderately wounded.
The iguana bites you but does no damage.
The iguana misses you.
You hit the iguana but do no damage.
The iguana goes berserk!
The iguana is moderately wounded.
The iguana bites you.
The iguana bites you but does no damage.
You sock the iguana! You burn the iguana.
The iguana is severely wounded.
The iguana bites you!! The iguana barely misses you.
You closely miss the iguana.
The iguana is severely wounded.
The iguana barely misses you.
You closely miss the iguana.
The iguana is severely wounded.
The iguana bites you!
* * * LOW HITPOINT WARNING * * *
The iguana bites you!
You die...

#)...........##
.#######..######...##
........### ##....#
#######.# ##.....#
########.## ##..###.#
#........# ##.)## #.#
........## ##..## #.#
...####.#####..## ###
≈...##..@.##..## {
≈≈......l...<## {
#.......)<..# { {
##..........#
#......######
#.......# #..##...##
.... ##..<# .# #...#


You could see an iguana (berserk).

Vanquished Creatures
  A scorpion (D:3)
  An orc priest (D:3)
  Crazy Yiuf (D:2)
  Natasha (thrice) (D:2)
  3 adders
  2 worms (D:3)
  2 dart slugs
  2 orcs (D:4)
  9 ball pythons
  5 bats
  9 endoplasms
  A giant cockroach (D:1)
  7 goblins
  6 hobgoblins
  3 jackals (D:1)
  4 kobolds
  5 quokkas
  5 frilled lizards
  11 rats
80 creatures vanquished.

Vanquished Creatures (others)
  19 plants (D:4)
19 creatures vanquished.

Grand Total: 99 creatures vanquished

Notes
Turn   | Place    | Note
-------+----------+-------------------------------------------
     0 | D:1      | Gwenloh the Formicid Fighter began the quest for the Orb.
     0 | D:1      | Reached XP level 1. HP: 18/18 MP: 1/1
   134 | D:1      | Found Xashraalo's General Store.
   148 | D:1      | Reached XP level 2. HP: 23/24 MP: 2/2
   245 | D:1      | Found a faded altar of an unknown god.
   278 | D:1      | Found Bymyu's Jewellery Emporium.
   309 | D:1      | Reached XP level 3. HP: 14/29 MP: 3/3
   564 | D:1      | Reached skill level 4 in Shields
   918 | D:2      | Found a glowing silver altar of Zin.
  1078 | D:2      | Noticed Natasha
  1183 | D:2      | Killed Natasha
  1184 | D:2      | Reached XP level 4. HP: 18/37 MP: 4/4
  1823 | D:2      | Noticed Natasha
  1831 | D:2      | Killed Natasha
  1832 | D:2      | Reached XP level 5. HP: 30/42 MP: 5/5
  2161 | D:2      | Found a runed translucent door.
  2162 | D:2      | Noticed Crazy Yiuf
  2210 | D:2      | Noticed Natasha
  2223 | D:2      | Killed Natasha
  2508 | D:2      | Killed Crazy Yiuf
  2665 | D:3      | Found a broken altar of Ashenzari.
  2666 | D:3      | Found a stormy altar of Qazlal.
  2670 | D:3      | Became a worshipper of Qazlal Stormbringer
  2709 | D:3      | Reached XP level 6. HP: 47/49 MP: 6/6
  3140 | D:3      | Found a hide-covered altar of Uskayaw.
  3447 | D:3      | Reached skill level 5 in Shields
  3711 | D:4      | Slain by an iguana

Illustrated notes

Levels and vault maps discovered:
D:1:      lordsloth_arrival_two_stooges, layout_rooms, serial_shops,
          nicolae_shop_competitors_out_of_business, shop,
          basic_ecumenical_altar, nrook_uturn
D:2:      layout_basic, basic_altar, uniq_crazy_yiuf_cottage, uniq_natasha
D:3:      layout_basic, mainiacjoe_overflow_cross_hatched,
          nicolae_overflow_squiral, st_stairs_3,
          amcnicky_mini_rare_corridor_liquid
D:4:      layout_layer_cave, biasface_ghost_orc_armoury, serial_rivers,
          chequers_serial_rivers_room_b, chequers_serial_rivers_small_a,
          chequers_serial_rivers_room_a, chequers_serial_rivers_micro_e,
          hangedman_decor_opposing, serial_bayou_lagoon_a,
          guppyfry_early_orc_mine, uniq_grinder, uniq_sigmund, uniq_eustachio

Skill      XL: |  1  2  3  4  5  6 |
---------------+-------------------+-----
Shields        | 4 5 |  5.2
Fighting       | 4 |  4.7
Armour         | 4 |  4.7
Axes           | 3 |  3.6

Action                   |  1- 3 |  4- 6 || total
-------------------------+-------+-------++-------
Melee: War axe           |   104 |    51 ||   155
       Quarterstaff      |       |    48 ||    48
 Fire: Hunting sling     |       |    79 ||    79
 Abil: Dig               |       |     1 ||     1
  Use: Potion            |       |     1 ||     1
       Scroll            |       |     3 ||     3
 Stab: Paralysed         |       |     2 ||     2
Armor: Scale mail        |    51 |    34 ||    85
Dodge: Dodged            |    48 |    51 ||    99
Block: Buckler           |    26 |    14 ||    40

Table legend: (Time is in decaauts)
 A = Elapsed time spent in this place.
 B = Non-inter-level travel time spent in this place.
 C = Inter-level travel time spent in this place.
 D = Time resting spent in this place.
 E = Time spent auto-exploring this place.
 F = Levels seen in this place.
 G = Mean time per level.
                   A        B        C        D        E       F      G
               +--------+--------+--------+--------+--------+-----+--------+
         Total |   3821 |   3666 |    155 |    748 |   2094 |   4 |  955.2 |
       Dungeon |   3821 |   3666 |    155 |    748 |   2094 |   4 |  955.2 |
               +--------+--------+--------+--------+--------+-----+--------+

Top non-repeatable levels by time:
     D:2: 1572 daAuts
     D:1: 1092 daAuts
     D:3: 1074 daAuts
     D:4: 81 daAuts
